 Dungeon Crawl Stone Soup version 0.32-a0-975-g85d4e5bfdb (webtiles) character file.

Game seed: 13661348696020551264

475 Maxmaps the Ruffian (level 6, -7/47 HPs)
             Began as a Demonspawn Shapeshifter on Apr 19, 2024.
             Was an Initiate of Gozag.
             Engulfed by a steam dragon's steam (8 damage)
             ... on level 5 of the Dungeon.
             The game lasted 00:04:00 (3733 turns).

Maxmaps the Ruffian (Demonspawn Shapeshifter)       Turns: 3733, Time: 00:04:00

Health: -7/47      AC:  2    Str: 14    XL:     6   Next: 84%
Magic:  6/6        EV: 11    Int: 12    God:    Gozag
Gold:   176        SH:  0    Dex: 13    Spells: 5/5 levels left

rFire   . .          .
                       - Unarmed
rCold   . . .        (no shield)
rNeg    . . .        a - +0 animal skin
rPois   .            (helmet currently unavailable)
rElec   .            (cloak currently unavailable)
rCorr   .            (gloves currently unavailable)
SInv    .            (boots currently unavailable)
Will    .....        (no amulet)
Stlth   +            (no ring)
HPRegen 0.27/turn    (no ring)
MPRegen 0.10/turn

%: no passive effects
@: beast-form
A: beast (slay +1), hooves 1, demonic guardian 2, spiny 1
a: Begin Untransformation, Renounce Religion, Potion Petition, Call Merchant,
Bribe Branch


You were on level 5 of the Dungeon.
You worshipped Gozag.
Gozag was aware of your devotion.
You were a hulking beast.
You visited 1 branch of the dungeon, and saw 5 of its levels.

You collected 231 gold pieces.
You paid 55 gold pieces to Gozag.

Inventory:

Armour
 a - a +0 animal skin (worn)
Jewellery
 o - an amulet of the acrobat
 p - a ring of protection from cold
Talismans
 c - a beast talisman (active)
 d - a flux talisman
Wands
 r - a wand of mindburst (19)
Scrolls
 e - a scroll of noise {unknown}
 f - 9 scrolls of identify {unknown}
 i - 2 scrolls of enchant armour {unknown}
 j - 3 scrolls of fear {unknown}
 k - 2 scrolls of enchant weapon {unknown}
 l - 3 scrolls of teleportation {unknown}
 q - a scroll of acquirement {unknown}
Potions
 b - a potion of cancellation
 g - a potion of curing {unknown}
 h - a potion of berserk rage {unknown}
 m - 2 potions of heal wounds {unknown}
 n - 4 potions of haste {unknown}
 s - a potion of resistance {unknown}


   Skills:
 - Level 3.0 Fighting
 - Level 1.7 Dodging
 + Level 6.5 Unarmed Combat
 - Level 2.6 Shapeshifting


You had 5 spell levels left.
You didn't know any spells.
Your spell library contained the following spells:

 Spells                   Type           Power      Damage    Failure   Level
 Maxwell's Portable Pile  Tloc           0%         2d(5-13)  69%         3
 Magnavolt                Erth/Air       0%         3d9       100%        7
 Maxwell's Capacitive Co  Air            0%         ∞         100%        8


Dungeon Overview and Level Annotations

Branches:
Dungeon (5/15)
 Temple: D:4-7

Altars:
Ashenzari
Fedhas
Gozag
Okawaru
Trog


Innate Abilities, Weirdness & Mutations

You are a hulking beast.
Your limbs bulge with bestial killing power. (Slay +1)
You have large cloven feet.
A demonic guardian rushes to your aid.
You are partially covered in sharp spines.


Message History

No target in view!
No target in view!
No target in view!
No target in view!
No target in view!
No target in view!
No target in view!
No target in view!
No target in view!
No target in view!
No target in view!
You now have 176 gold pieces (gained 6).
A steam dragon comes into view.
A steam dragon is nearby!
A steam dragon is nearby!
A steam dragon is nearby!
The helpless steam dragon fails to defend itself.
You hit the steam dragon.
You kick the steam dragon, but do no damage.
The steam dragon is lightly wounded.
You barely miss the steam dragon. Your kick misses the steam dragon.
The steam dragon is lightly wounded.
The steam dragon breathes steam at you. The ball of steam hits you!!
You barely miss the steam dragon. Your kick misses the steam dragon.
The steam dragon is lightly wounded.
You are engulfed in a cloud of scalding steam.
The steam dragon is struck by your spines.
The steam dragon bites you!
* * * LOW HITPOINT WARNING * * *
The steam dragon claws you.
* * * LOW HITPOINT WARNING * * *
A demonic guardian appears!
Okay, then.
You are engulfed in a cloud of scalding steam.
* * * LOW HITPOINT WARNING * * *
It was a potion of cancellation.
You feel magically purged.
You are engulfed in a cloud of scalding steam.
You die...
Your body crumbles into a pile of gold.

.........#.# ....
.........#.# ....
...........#
..... #...
.........###
..... #...
....#......#
....##...
##########.#
.......> #.#
#......
#########§#§####
#...###
.......Dh§.§.....
#...###
########4§§§.....
#...)..
#.........
#......
#.........
#......
#...######
#...... #..?#
#...... ....#
#...... ....#
#...... #......


You could see a steam dragon (ally target) and a friendly ice devil (summoned).

Vanquished Creatures
  An ogre (D:4)
  A scorpion (D:4)
  A jelly (D:4)
  2 bombardier beetles
  An iguana (D:4)
  Natasha (twice) (D:3)
  2 adders
  A ribbon worm (D:4)
  13 orcs
  6 endoplasms
  2 giant cockroaches (D:1)
  9 goblins
  8 hobgoblins
  6 jackals
  12 kobolds
  6 quokkas
  7 ball pythons
  3 bats
  3 frilled lizards (D:1)
  9 rats
95 creatures vanquished.

Vanquished Creatures (collateral kills)
  An orc wizard (D:4)
  A gnoll (D:4)
  A jackal (D:3)
3 creatures vanquished.

Grand Total: 98 creatures vanquished

Notes
Turn   | Place    | Note
-------+----------+-------------------------------------------
     0 | D:1      | Maxmaps the Demonspawn Shapeshifter began the quest for the
                  | Orb.
     0 | D:1      | Reached XP level 1. HP: 15/15 MP: 1/1
   114 | D:1      | Gained mutation: A weak demonic guardian rushes to your
                  | aid. [demonic ancestry]
   114 | D:1      | Reached XP level 2. HP: 14/22 MP: 2/2
   413 | D:1      | Discovered your monstrous ancestry.
   413 | D:1      | Gained mutation: You have large cloven feet. [demonic
                  | ancestry]
   413 | D:1      | Reached XP level 3. HP: 27/29 MP: 3/3
   892 | D:2      | Reached skill level 3 in Unarmed Combat
  1081 | D:2      | You fall into a shaft and drop 2 floors!
  1256 | D:3      | Gained mutation: You are partially covered in sharp spines.
                  | [demonic ancestry]
  1256 | D:3      | Reached XP level 4. HP: 35/35 MP: 4/4
  1306 | D:3      | Noticed Natasha
  1310 | D:3      | Killed Natasha
  1441 | D:3      | Reached skill level 4 in Unarmed Combat
  2007 | D:3      | Noticed Natasha
  2015 | D:3      | Killed Natasha
  2016 | D:3      | Gained mutation: A demonic guardian rushes to your aid.
                  | [demonic ancestry]
  2016 | D:3      | Reached XP level 5. HP: 23/41 MP: 5/5
  2510 | D:4      | Noticed an ogre
  2772 | D:4      | Reached skill level 5 in Unarmed Combat
  2774 | D:4      | Killed an ogre
  2775 | D:4      | Reached XP level 6. HP: 38/47 MP: 6/6
  3146 | D:4      | Reached skill level 6 in Unarmed Combat
  3293 | D:4      | Found a bloodstained altar of Trog.
  3293 | D:4      | Found an opulent altar of Gozag.
  3314 | D:4      | Became a worshipper of Gozag Ym Sagoz the Greedy
  3580 | D:4      | Found a blossoming altar of Fedhas.
  3582 | D:4      | Found an iron altar of Okawaru.
  3583 | D:4      | Found a broken altar of Ashenzari.
  3632 | D:5      | Entered Level 5 of the Dungeon
  3726 | D:5      | Noticed a steam dragon
  3732 | D:5      | HP: 1/47 [steam dragon] (8)]
  3733 | D:5      | Engulfed by a steam dragon's steam

Illustrated notes

Levels and vault maps discovered:
D:1:      giann_forest_graveyard, layout_basic
D:2:      layout_loops_cross
D:3:      layout_basic, uniq_natasha
D:4:      minmay_skewed_foursquare, layout_gridville,
          chequers_temple_overflow_statue_of_worship,
          mainiacjoe_overflow_alcove_3, minmay_fractal_squares_5
D:5:      layout_basic, minmay_temple_entry_antechambers, minmay_misc_feat_five

Skill      XL: |  1  2  3  4  5  6 |
---------------+-------------------+-----
Fighting       | 2 3 |  3.0
Unarmed Combat | 3 4 5 6 |  6.5
Dodging        | |  1.7
Shapeshifting  | |  2.6

Action                     |  1- 3 |  4- 6 || total
---------------------------+-------+-------++-------
  Melee: Unarmed           |   109 |   104 ||   213
         Punch             |     5 |     4 ||     9
         Kick              |    13 |    15 ||    28
    Use: Potion            |       |     2 ||     2
   Stab: Sleeping          |     1 |     1 ||     2
         Distracted        |       |     2 ||     2
 Armour: Animal skin       |    53 |    50 ||   103
         Skin              |       |    12 ||    12
  Dodge: Dodged            |    58 |    35 ||    93

Table legend: (Time is in decaauts)
 A = Elapsed time spent in this place.
 B = Non-inter-level travel time spent in this place.
 C = Inter-level travel time spent in this place.
 D = Time resting spent in this place.
 E = Time spent auto-exploring this place.
 F = Levels seen in this place.
 G = Mean time per level.
                   A        B        C        D        E       F      G
               +--------+--------+--------+--------+--------+-----+--------+
         Total |   3726 |   3542 |    184 |    206 |   2819 |   5 |  745.2 |
       Dungeon |   3726 |   3542 |    184 |    206 |   2819 |   5 |  745.2 |
               +--------+--------+--------+--------+--------+-----+--------+

Top non-repeatable levels by time:
     D:4: 1225 daAuts
     D:3: 1021 daAuts
     D:2: 698 daAuts
     D:1: 682 daAuts
     D:5: 99 daAuts
